 Dungeon Crawl Stone Soup version 0.29-a0-559-g359e09b9d1 (webtiles) character file.

Game seed: 18329049322750458476

1782 xian the Conjurer (level 9, -2/54 HPs)
             Began as an Octopode Conjurer on June 9, 2022.
             Slain by an ice beast (13 damage)
             ... on level 6 of the Dungeon.
             The game lasted 00:17:48 (7628 turns).

xian the Conjurer (Octopode Conjurer)               Turns: 7628, Time: 00:17:48

Health: -2/54      AC:  1    Str: 14    XL:     9   Next: 8%
Magic:  27/27      EV: 13    Int: 27    God:
Gold:   427        SH:  5    Dex: 11    Spells: 17/20 levels left

rFire   + . .      SeeInvis +   B - +7 trident of Defence {holy, rN+ Int+3}
rCold   x . .      Faith    .   x - +1 buckler "Paiviy" {Drain rN+ Str+8 Slay-4}
rNeg    + + +      Spirit   .   (helmet restricted)
rPois   .          Reflect  .   o - amulet of the acrobat
rElec   .          Harm     .   d - ring of wizardry
rCorr   .          Rampage  .   g - ring of magical power
Will    .....                   h - ring of see invisible
Stlth   ++++......              i - ring of flight
HPRegen 0.18/turn               s - ring of positive energy
MPRegen 0.20/turn               u - ring of fire
                                (no ring)
                                (no ring)

@: flying
A: almost no armour, amphibious, 8 rings, camouflage 1, gelatinous body 1,
(nimble swimmer 1), tentacles
a: no special abilities


You were on level 6 of the Dungeon.
You visited 1 branch of the dungeon, and saw 6 of its levels.
You also visited: Sewer.

You collected 427 gold pieces.

Inventory:

Hand Weapons
 A - a +2 antimagic hand axe
 B - the +7 trident of Defence (weapon) {holy, rN+ Int+3}
   (You found it on level 5 of the Dungeon)

   It has been blessed by the Shining One to cause great damage to the undead
   and demons.
   Int:       It affects your intelligence (+3).
   rN:        It protects you from negative energy.
Missiles
 k - 13 poisoned darts
Armour
 w - the +3 leather armour of the Invisible Shrikes {rElec rC+}
   (You found it on level 3 of the Dungeon)

   rC:        It protects you from cold.
   rElec:     It insulates you from electricity.
 x - the +1 buckler "Paiviy" (worn) {Drain rN+ Str+8 Slay-4}
   (You found it on level 4 of the Dungeon)

   Str:       It affects your strength (+8).
   Slay:      It affects your accuracy & damage with ranged weapons and melee
   (-4).
   rN:        It protects you from negative energy.
   Drain:     It drains your maximum health when unequipped.
 C - the +0 pair of boots of Joy {Int+2}
   (You found it on level 5 of the Dungeon)

   Int:       It affects your intelligence (+2).
Jewellery
 d - a ring of wizardry (left tentacle)
 g - a ring of magical power (right tentacle)
 h - a ring of see invisible (on tentacle)
 i - a ring of flight (on tentacle)
 n - an amulet of guardian spirit
 o - an amulet of the acrobat (around mantle)
 s - a ring of positive energy (on tentacle)
 u - a ring of fire (on tentacle)
 v - an amulet of magic regeneration
 H - a ring of positive energy
Wands
 q - a wand of acid (5)
 y - a wand of paralysis (5)
Scrolls
 b - a scroll of identify
 j - 4 scrolls of teleportation
 F - a scroll of amnesia
Potions
 a - 2 potions of magic
 c - a potion of berserk rage {unknown}
 e - a potion of brilliance {unknown}
 f - a potion of resistance {unknown}
 l - 4 potions of mutation
 m - 5 potions of curing
 p - a potion of might {unknown}
 r - a potion of heal wounds {unknown}
 t - 2 potions of ambrosia {unknown}
 z - a potion of attraction
 D - 2 potions of lignification {unknown}
 E - 3 potions of flight {unknown}
 G - a potion of invisibility {unknown}


   Skills:
 + Level 2.2 Fighting
 + Level 1.8 Short Blades
 + Level 1.4 Polearms
 + Level 4.1 Dodging
 + Level 5.6 Stealth
 + Level 1.8 Shields
 + Level 6.2 Spellcasting
 + Level 7.6 Conjurations


You had 17 spell levels left.
You knew the following spells:

 Your Spells              Type           Power      Damage    Failure   Level
a - Magic Dart            Conj           100%       1d8       1%          1
b - Searing Ray           Conj           98%        2d8       1%          2

Your spell library contained the following spells:

 Spells                   Type           Power      Damage    Failure   Level
 Dazzling Flash           Conj/Hex       56%        N/A       2%          3
 Stone Arrow              Conj/Erth      56%        3d10      2%          3
 Summon Small Mammal      Summ           32%        N/A       3%          1
 Fulminant Prism          Conj/Hex       14%        3d9       7%          4
 Iskenderun's Mystic Bla  Conj/Tloc      28%        2d7       7%          4
 Call Canine Familiar     Summ           8%         N/A       11%         3
 Summon Guardian Golem    Hex/Summ       8%         N/A       11%         3
 Agony                    Necr           8%         N/A       65%         5
 Silence                  Hex/Air        4%         N/A       65%         5
 Lehudib's Crystal Spear  Conj/Erth      14%        10d5      100%        8
 Animate Armour           Summ/Erth      Unusable   N/A       N/A         4

Dungeon Overview and Level Annotations

Branches:
Dungeon (6/15)              Sewer (visited)
 Temple: D:4-7

Altars:
Elyvilon
Okawaru


Innate Abilities, Weirdness & Mutations

You cannot wear most types of armour.
You are amphibious.
You can wear up to eight rings at the same time.
Your skin changes colour to match your surroundings (Stealth+).
Your rubbery body absorbs attacks. (AC +1, EV +1)
((You are camouflaged when in or above water. (Stealth+)))
You have tentacles for arms and can constrict up to eight enemies at once.


Message History

Unknown command.
The searing ray hits the ice beast!
The ice beast is severely wounded.
You block the ice beast's attack.
The searing ray hits the ice beast!
The ice beast is almost dead.
The ice beast misses you.
The searing ray hits the ice beast!
You kill the ice beast!
You finish channelling your searing ray.
Magic restored.
Things that are here:
a +0 short sword; a curare-tipped dart; a kobold skeleton
Items here: )) รทรท.
Found a stone staircase leading down.
An ice beast comes into view.
Found an orange potion.
Found a stone staircase leading up.
An ice beast is nearby!
There is a stone staircase leading down here.
E - 3 pink potions (gained 1)
You puncture the ice beast! Your squeeze misses the ice beast.
The ice beast is moderately wounded.
You block the ice beast's attack.
You puncture the ice beast!
The ice beast is heavily wounded.
You block the ice beast's attack.
You barely miss the ice beast.
The ice beast is heavily wounded.
The ice beast barely misses you.
You hit the ice beast.
The ice beast is severely wounded.
The ice beast hits you. The ice beast freezes you!
You feel a terrible chill! The ice beast hits you. The ice beast freezes you!!
You feel a terrible chill!
* * * LOW HITPOINT WARNING * * *
You hit the ice beast but do no damage.
The ice beast is severely wounded.
The ice beast hits you.
* * * LOW HITPOINT WARNING * * *
The ice beast freezes you!
You feel a terrible chill!
You die...

#.<..........##
##.............##
#..............|##
#................##
#.................#
#.................##
##..>...............#
#..Y...............).
#..#@......)......)))
...Y##.............##..
....#
##..........#####. <...
#........# ## !..
.......# . .. #.....#
.. #..## ... ### ...


You could see an ice beast.

Vanquished Creatures
  Grinder (D:5)
  2 ice beasts (D:6)
  Pargi (Sewer)
  A black bear (D:5)
  An ogre (D:5)
  A kobold brigand (D:6)
  A gnoll sergeant (D:5)
  A necrophage (D:5)
  3 scorpions
  A killer bee (D:4)
  An orc priest (D:5)
  2 hounds (D:4)
  2 jellies (D:4)
  Jessica (D:2)
  6 iguanas
  2 orc wizards
  Robin (D:2)
  14 gnolls
  A river rat (D:4)
  11 adders
  A dart slug (D:2)
  9 orcs
  11 endoplasms
  6 giant cockroaches
  12 goblins
  14 hobgoblins
  3 jackals (D:1)
  14 kobolds
  3 quokkas
  7 ball pythons
  A bat (D:3)
  8 frilled lizards
  7 rats
150 creatures vanquished.

Notes
Turn   | Place    | Note
-------+----------+-------------------------------------------
     0 | D:1      | xian the Octopode Conjurer began the quest for the Orb.
     0 | D:1      | Reached XP level 1. HP: 11/11 MP: 3/3
   224 | D:1      | Reached XP level 2. HP: 17/17 MP: 1/5
   460 | D:1      | Learned a level 2 spell: Searing Ray
   746 | D:1      | Found a faded altar of an unknown god.
  1204 | D:1      | Reached XP level 3. HP: 19/21 MP: 6/6
  1751 | D:2      | Noticed Robin
  1756 | D:2      | Killed Robin
  1826 | D:2      | Reached XP level 4. HP: 26/27 MP: 5/7
  1996 | D:2      | Noticed Jessica
  1999 | D:2      | Killed Jessica
  2000 | D:2      | Reached skill level 5 in Conjurations
  2583 | D:2      | Reached XP level 5. HP: 31/31 MP: 9/9
  3587 | D:3      | Identified the +3 leather armour of the Invisible Shrikes
                  | {rElec rC+}
  3653 | D:4      | Reached XP level 6. HP: 26/36 MP: 1/11
  3958 | D:4      | Found an iron altar of Okawaru.
  3969 | D:4      | Found a glowing drain.
  4001 | Sewer    | Entered a sewer
  4211 | Sewer    | Noticed Pargi
  4218 | Sewer    | Killed Pargi
  4458 | D:4      | Reached skill level 6 in Conjurations
  4458 | D:4      | Reached XP level 7. HP: 42/42 MP: 13/13
  4642 | D:4      | Found a white marble altar of Elyvilon.
  4673 | D:4      | Identified the +1 buckler "Paiviy" {Drain rN+ Str+8 Slay-4}
  5565 | D:5      | Entered Level 5 of the Dungeon
  5588 | D:5      | Reached skill level 1 in Fighting
  5588 | D:5      | Reached skill level 5 in Stealth
  5588 | D:5      | Reached skill level 1 in Shields
  5758 | D:5      | Reached skill level 1 in Short Blades
  5758 | D:5      | Reached XP level 8. HP: 48/48 MP: 15/15
  5824 | D:5      | Reached skill level 5 in Spellcasting
  5894 | D:5      | Identified the +7 trident of Defence {holy, rN+ Int+3}
  6220 | D:5      | Identified the +0 pair of boots of Joy {Int+2}
  6444 | D:5      | Noticed Grinder
  6452 | D:5      | Killed Grinder
  6453 | D:5      | Reached skill level 1 in Polearms
  6453 | D:5      | Reached skill level 7 in Conjurations
  7288 | D:6      | Reached XP level 9. HP: 31/54 MP: 16/18
  7628 | D:6      | Slain by an ice beast

Illustrated notes

Levels and vault maps discovered:
D:1:      lightli_arrival_noodles, layout_basic,
          chequers_ecumenical_altar_simple_redux, minmay_heptomino_d4
D:2:      layout_basic, minmay_fractal_squares_gapless_5, uniq_robin,
          uniq_jessica
D:3:      layout_loops_corners
D:4:      layout_cave_pools, lemuel_crystal_altar, overflow_temple_1_default,
          portal_sewer_entry_a, minivault_19,
          hangedman_abyss_or_decor_lesser_grid, nzn_random_ring
D:5:      layout_loops_ring, minmay_between, uniq_grinder
D:6:      layout_cave_pods, lemuel_old_faithful

Skill      XL: |  1  2  3  4  5  6  7  8 |
---------------+-------------------------+-----
Stealth        | 3 4 5 |  5.6
Conjurations   | 5 6 7 |  7.6
Spellcasting   | 3 4 6 |  6.2
Fighting       | 1 2 |  2.2
Dodging        | 3 4 |  4.1
Shields        | 1 |  1.8
Short Blades   | 1 |  1.8
Polearms       | 1 |  1.4

Action                   |  1- 3 |  4- 6 |  7- 9 || total
-------------------------+-------+-------+-------++-------
Melee: Unarmed           |     7 |       |       ||     7
       Constrict         |     4 |     5 |     3 ||    12
       Tentacles         |     3 |     4 |     5 ||    12
       Short sword       |     8 |    10 |    10 ||    28
       Punch             |       |     1 |     1 ||     2
       Trident           |       |       |    11 ||    11
 Cast: Magic Dart        |    73 |    90 |    95 ||   258
       Searing Ray       |       |     6 |    23 ||    29
  Use: Scroll            |       |     6 |     4 ||    10
 Stab: Sleeping          |       |     3 |     1 ||     4
Armor: Skin              |     1 |     1 |     3 ||     5
Dodge: Dodged            |    19 |    33 |    71 ||   123
Block: Buckler           |       |       |    18 ||    18

Table legend: (Time is in decaauts)
 A = Elapsed time spent in this place.
 B = Non-inter-level travel time spent in this place.
 C = Inter-level travel time spent in this place.
 D = Time resting spent in this place.
 E = Time spent auto-exploring this place.
 F = Levels seen in this place.
 G = Mean time per level.
                   A        B        C        D        E       F      G
               +--------+--------+--------+--------+--------+-----+--------+
         Total |   7632 |   7535 |     97 |    467 |   5871 |   7 | 1090.3 |
       Dungeon |   7183 |   7086 |     97 |    395 |   5549 |   6 | 1197.2 |
         Sewer |    448 |    448 |      0 |     72 |    322 |   1 |  448.0 |
               +--------+--------+--------+--------+--------+-----+--------+

Top non-repeatable levels by time:
     D:1: 1510 daAuts
     D:4: 1492 daAuts
     D:5: 1410 daAuts
     D:2: 1181 daAuts
     D:3: 929 daAuts
     D:6: 658 daAuts
   Sewer: 448 daAuts
